Map: 2000 Atmospheres LE

Players

Throwfordays

  • Race: Terran Terran
  • League: Gold

bigdeez - Winner!

  • Race: Terran Terran

VOD

Have the link to the VOD?

Description

Time

  • Played on: Aug. 27, 2021, 8:10 p.m.
  • Length: 4:55
Show
View Real Time Build Order
Export as new Build Order

Throwfordays Terran 

Build Orders:  

Get SALT Encoding   

  12  0:00  SCV  
  13  0:14  Supply Depot  
  13  0:18  SCV  
  14  0:26  Refinery  
  14  0:30  SCV  
  15  0:42  Barracks  
  15  0:46  SCV  
  16  0:59  Supply Depot  
  16  1:00  SCV  
  17  1:12  SCV  
  18  1:25  Barracks  
  18  1:29  Reaper  
  18  1:30  SCV  
  20  1:41  Supply Depot  
  20  1:42  SCV  
  21  1:51  Refinery  
  21  1:54  SCV  
  22  2:02  Reaper  
  22  2:06  SCV  
  24  2:09  Barracks  
  24  2:13  Reaper  
  25  2:23  SCV  
  26  2:34  Reaper  
  26  2:35  SCV  
  28  2:50  Reaper  
  29  2:58  Reaper  
  30  3:03  Supply Depot  
  30  3:06  Reaper  
  30  3:08  Engineering Bay  
  31  3:22  Reaper  
  32  3:30  Reaper  
  32  3:38  Reaper  
  31  3:54  Reaper  
  32  3:58  SCV  
  32  4:02  Reaper  
  34  4:05  Refinery x2  
  34  4:10  Reaper, SCV  
Show
View Real Time Build Order
Export as new Build Order

bigdeez Terran - Winner!

Build Orders:  

Get SALT Encoding   

  12  0:11  Supply Depot  
  12  0:23  SCV  
  13  0:34  Barracks  
  13  0:35  SCV  
  14  0:45  Refinery  
  14  0:48  SCV  
  15  1:00  SCV  
  16  1:20  Refinery  
  16  1:21  Supply Depot  
  16  1:23  Marine  
  17  1:30  SCV  
  18  1:41  Marine  
  18  1:42  SCV  
  20  1:50  Factory  
  21  1:54  SCV  
  21  1:58  Marine  
  22  2:06  SCV  
  23  2:15  Supply Depot  
  23  2:16  Marine  
  23  2:18  SCV  
  25  2:30  SCV  
  25  2:34  Marine  
  26  2:54  Starport  
  26  2:57  SCV  
  27  3:00  Factory Tech Lab  
  27  3:01  Marine  
  28  3:09  Orbital Command  
  28  3:18  Siege Tank  
  31  3:22  Marine  
  29  3:45  Marine  
  30  4:01  Liberator  
  33  4:03  Marine  
  34  4:20  Marine  
  28  4:39  SCV  
Tags
 
League
Gold
Matchup
TvT
Race
Terran
Replay Pack
Multiplayer
Add a new tag
Caveats
  • Supply blocks, unpowered buildings, or Contaminate may cause inaccurate times.
  • Supply counts are checked every 10 seconds.